 Dungeon Crawl Stone Soup version 0.19.5 (webtiles) character file.

2303 equalderp2856 the Gouger (level 9, 0/39 HPs)
             Began as a Felid Fighter on Mar 7, 2017.
             Slain by a killer bee (7 damage)
             ... on level 7 of the Dungeon.
             The game lasted 00:45:51 (14300 turns).

equalderp2856 the Gouger (Felid Fighter)           Turns: 14300, Time: 00:45:52

Health: 0/39       AC:  2    Str: 13    XL:     9   Next: 18%
Magic:  10/10      EV: 23    Int: 11    God:
Gold:   339        SH:  0    Dex: 16    Spells: 0 memorised, 8 levels left
                                        Lives:  0   Deaths: 2

rFire  . . .     SeeInvis +       - Unarmed
rCold  . . .     Gourm    .     (armour unavailable)
rNeg   . . .     Faith    .     (shield unavailable)
rPois  .         Spirit   .     (helmet unavailable)
rElec  .         Reflect  .     (cloak unavailable)
rCorr  .         Harm     .     (gloves unavailable)
MR     +....                    (boots unavailable)
Stlth  ++++......               (no amulet)
                                (no ring)
                                (no ring)

@: lethally poisoned (0 -> -4), quick
A: no armour, no weapons or thrown items, stealth, claws 1, fangs 3, see
invisible, carnivore 3, speed 1, shaggy fur 2, slow metabolism 1, sharp paws
a: no special abilities


You were on level 7 of the Dungeon.
You were not hungry.

You visited 1 branch of the dungeon, and saw 8 of its levels.
You also visited: Sewer.

You collected 339 gold pieces.

Inventory:

Missiles
 p - 76 arrows
Jewellery
 d - an uncursed ring of magical power {unknown}
 g - an uncursed ring of flight {unknown}
 s - an uncursed ring of flight {unknown}
 u - a +5 ring of dexterity {unknown}
 v - a cursed ring of teleportation {unknown}
 w - an uncursed ring of ice {unknown}
 D - an uncursed ring of stealth {unknown}
 G - an uncursed ring of protection from magic {unknown}
 K - an uncursed ring of ice {unknown}
Wands
 B - a wand of iceblast (5/15)
 J - a wand of slowing (27/48)
Scrolls
 c - a scroll of teleportation
 e - 2 scrolls of enchant weapon
 j - 9 scrolls of identify
 x - a scroll of enchant armour
 y - 3 scrolls of fear
 I - a scroll of vulnerability
Potions
 a - 2 potions of might
 h - a potion of resistance {unknown}
 k - 3 potions of brilliance
 l - a potion of degeneration {unknown}
 m - 2 potions of mutation {unknown}
 o - 2 potions of berserk rage
 q - a potion of agility {unknown}
 r - 2 potions of curing {unknown}
 t - a potion of haste {unknown}
 z - 3 potions of flight
 E - 2 potions of lignification
 F - a potion of magic {unknown}
 H - 2 potions of heal wounds {unknown}
Books
 A - a book of Necromancy

   Spells                             Type                      Level
   a - Pain                           Necromancy                   1
   b - Animate Skeleton               Necromancy                   1
   c - Vampiric Draining              Necromancy                   3
   d - Regeneration                   Charms/Necromancy            3
   e - Animate Dead                   Necromancy                   4
   f - Control Undead                 Necromancy                   4
Comestibles
 b - 6 meat rations
 f - 8 bread rations
 i - a slice of pizza
 n - 4 beef jerkies
 C - 6 fruits


   Skills:
 + Level 4.1 Fighting
 + Level 7.7 Dodging
 + Level 8.6 Stealth
 + Level 10.6 Unarmed Combat


You had 8 spell levels left.
You didn't know any spells.

Dungeon Overview and Level Annotations

Branches:
Dungeon (8/15)             Temple (0/1) D:6            Lair (0/6) D:8

Altars:
Makhleb
Ru

Shops:
D:5 =

Annotations:
D:3 Shiggs's ghost, amateur GrFE
D:6 vatarom's ghost, novice OpIE
D:7 Joseph


Innate Abilities, Weirdness & Mutations

You cannot wear armour.
You are incapable of wielding weapons or throwing items.
Your paws allow you to move quietly. (Stealth)
You have sharp claws.
You have razor-sharp teeth.
You have supernaturally acute eyesight. (SInv)
You are carnivorous and can eat meat at any time.
You cover ground quickly.
You are covered in thick fur. (AC +2)
You have a slow metabolism.
Your sharp claws are effective at attacking unaware monsters.


Message History

* * * LOW HITPOINT WARNING * * *
The killer bee closely misses you.
You claw the killer bee!
The killer bee is almost dead.
You feel sick. The killer bee misses you. x2
Okay, then.
You closely miss the killer bee.
The killer bee is almost dead.
The killer bee closely misses you.
You miss the killer bee.
The killer bee is almost dead.
The killer bee barely misses you. The killer bee closely misses you.
You barely miss the killer bee. Your bite misses the killer bee.
The killer bee is almost dead.
You feel sick. The killer bee stings you.
* * * LOW HITPOINT WARNING * * *
You miss the killer bee.
The killer bee is almost dead.
The killer bee stings you!
You die...

#.# #.#
#.# #.#
#.# #.#
#.# #.#
##.##
#.#
##...#
#.#
#....#
#.#
#....#
#.#####
#.####
#..@yy#
#.#
#####.#
#.# #.#
#.# #.#
#.#
#.###
#.#
#...#
#.#
###.#
#.# #.#
##.#
#.#


You could see 2 killer bees.

Vanquished Creatures
  Prince Ribbit (D:7)
  2 sky beasts
  An ice beast (D:7)
  4 ogres
  3 phantoms
  A bullfrog (D:6)
  4 big kobolds
  2 scorpions
  6 crimson imps
  A centaur zombie (D:5)
  2 hounds
  A bullfrog zombie (D:6)
  3 jellies
  6 orc priests
  An iguana (D:7)
  7 orc wizards
  Ijyb (D:2)
  2 worker ants (D:4)
  A worker ant zombie (D:8)
  A howler monkey skeleton (D:5)
  8 gnolls
  10 adders
  3 shadow imps
  4 oozes (Sewer)
  9 worms
  2 dart slugs (D:3)
  7 leopard geckos
  29 orcs
  18 bats
  7 giant cockroaches
  5 goblins
  10 hobgoblins
  12 jackals
  18 kobolds
  5 quokkas
  2 ball pythons
  7 frilled lizards
  7 rats
213 creatures vanquished.

Notes
Turn   | Place    | Note
-------+----------+-------------------------------------------
     0 | D:1      | equalderp2856 the Felid Fighter began the quest for the Orb.
     0 | D:1      | Reached XP level 1. HP: 10/10 MP: 2/2
   383 | D:2      | Reached XP level 2. HP: 7/14 MP: 3/3
   701 | D:2      | Reached XP level 3. HP: 11/17 MP: 4/4
  1063 | D:2      | Noticed Ijyb
  1375 | D:1      | Reached skill level 1 in Stealth
  1792 | D:2      | Reached XP level 4. HP: 20/21 MP: 5/5
  2026 | D:2      | Killed Ijyb
  2026 | D:2      | Reached skill level 5 in Dodging
  2026 | D:2      | Reached skill level 5 in Unarmed Combat
  2288 | D:3      | Noticed Shiggs's ghost (amateur GrFE)
  3068 | D:3      | Reached XP level 5. HP: 20/24 MP: 6/6
  3905 | D:5      | Entered Level 5 of the Dungeon
  4040 | D:5      | Found a glowing drain.
  4138 | Sewer    | Entered a sewer
  5385 | D:5      | Gained mutation: You are covered in thick fur. (AC +2) [Felid growth]
  5385 | D:5      | Reached XP level 6. HP: 28/28 MP: 7/7
  5402 | D:5      | Reached skill level 6 in Unarmed Combat
  5654 | D:5      | Found Gulali's Jewellery Emporium.
  5715 | D:5      | Slain by a centaur zombie
  5716 | D:5      | Reached XP level 5. HP: -1/36 MP: 6/6
  5716 | D:5      | Noticed an ogre
  5721 | D:5      | Found a sacrificial altar of Ru.
  5723 | D:5      | Killed an ogre
  5723 | D:5      | Reached XP level 6. HP: 28/28 MP: 7/7
  5981 | D:4      | Reached skill level 5 in Stealth
  6600 | D:4      | Reached skill level 7 in Unarmed Combat
  6646 | D:3      | HP: 2/42 [poisoned by a worker ant]
  6654 | D:3      | HP: 1/42 [poisoned by a worker ant]
  7103 | D:3      | Reached XP level 7. HP: 30/31 MP: 8/8
  7661 | D:4      | Killed from afar by an orc priest
  7662 | D:4      | Reached XP level 6. HP: -4/28 MP: 7/7
  8703 | D:4      | Reached XP level 7. HP: 31/31 MP: 8/8
  9018 | D:6      | Reached skill level 8 in Unarmed Combat
  9233 | D:6      | Noticed vatarom's ghost (novice OpIE)
 10600 | D:6      | Found a staircase to the Ecumenical Temple.
 10953 | D:6      | Reached skill level 9 in Unarmed Combat
 10969 | D:6      | Reached XP level 8. HP: 33/36 MP: 9/9
 11981 | D:7      | Noticed Prince Ribbit
 12139 | D:7      | Noticed Joseph
 12524 | D:7      | Killed Prince Ribbit
 12775 | D:7      | Reached skill level 10 in Unarmed Combat
 13639 | D:6      | Reached XP level 9. HP: 39/39 MP: 10/10
 13797 | D:8      | Found a staircase to the Lair.
 13797 | D:8      | Noticed an elephant
 13815 | D:8      | Found a burning altar of Makhleb.
 14300 | D:7      | Slain by a killer bee

Skill      XL: |  1  2  3  4  5  6  7  8 |
---------------+-------------------------+-----
Stealth        | 1 3 5 6 8 |  8.6
Dodging        | 5 6 7 |  7.7
Unarmed Combat | 5 7 9 10 | 10.6
Fighting       | 4 |  4.1

Action                   |  1- 3 |  4- 6 |  7- 9 || total
-------------------------+-------+-------+-------++-------
Melee: Unarmed           |    95 |   334 |   279 ||   708
       Bite              |     7 |    43 |    21 ||    71
       Punch             |     1 |     5 |     7 ||    13
  Use: Scroll            |       |    10 |     3 ||    13
       Potion            |       |     3 |       ||     3
 Stab: Sleeping          |     1 |     9 |    12 ||    22
       Distracted        |       |     3 |       ||     3
  Eat: Chunk             |     7 |     8 |     2 ||    17
       Meat ration       |       |       |     1 ||     1
       Royal jelly       |       |       |     1 ||     1
Armor: Skin              |     4 |    13 |    13 ||    30
Dodge: Dodged            |    98 |   278 |   209 ||   585
